 Dungeon Crawl Stone Soup version 0.14-a0-3405-g7f0333e (webtiles) character file.

495 Herrn the Shield-Bearer (level 6, -6/33 HPs)
             Began as a Vine Stalker Fighter on Mar 21, 2014.
             Killed by divine providence
             ... invoked by an orc priest
              (13 damage)
             ... on Level 3 of the Dungeon.
             The game lasted 00:12:59 (2332 turns).

Herrn the Shield-Bearer (Vine Stalker Fighter)      Turns: 2332, Time: 00:12:59

HP  -6/33        AC  9     Str 18      XL: 6   Next: 87%
MP   0/8         EV  8     Int  8      God:
Gold 89          SH 19     Dex 16      Spells:  0 memorised,  5 levels left

rFire  . . .     SeeInvis .     e - +4,+1 falchion (holy)
rCold  . . .     Clarity  .     g - +3 ring mail {rPois}
rNeg   . . .     Conserve +     c - +0 shield
rPois  +         rCorr    .     (no helmet)
rElec  .         rRot     +     u - +0 cloak
SustAb . .       Spirit   +     (no gloves)
rMut   .         Warding  .     (no boots)
Saprov . . .     Stasis   .     h - amulet of conservation
MR     .....                    (no ring)
                                m - ring of sustenance

@: not resistant to hostile enchantments, very unstealthy
A: fangs 2, regeneration 2, magic shield, antimagic bite, no device heal
a: no special abilities


You were on level 3 of the Dungeon.
You were very hungry.

You visited 1 branch of the dungeon, and saw 3 of its levels.
You also visited: Sewer.

You collected 89 gold pieces.

Inventory:

Hand weapons
 e - a +4,+1 falchion of holy wrath (weapon)
Armour
 c - a +0 shield (worn)
 g - a +3 ring mail of poison resistance (worn)
 u - a +0 cloak (worn)
Magical devices
 i - a wand of heal wounds (0)
Comestibles
 a - 2 chunks of rat flesh
 d - 3 bread rations
 r - a choko
 A - 2 apricots
 B - 2 oranges
 C - an apple
Scrolls
 b - a scroll of enchant weapon I {unknown}
 j - a scroll of identify
 n - 2 scrolls of teleportation
 t - 3 scrolls of enchant weapon II
Jewellery
 h - an amulet of conservation (around neck)
 m - a ring of sustenance (left hand)
Potions
 f - a potion of brilliance {unknown}
 k - 3 potions of restore abilities {unknown}
 l - a potion of paralysis {unknown}
 q - 2 potions of magic {unknown}
 s - 8 potions of curing {unknown}
 z - a potion of agility {unknown}
Books
 w - a book of Beasts

   Spells                             Type                      Level
   Summon Butterflies                 Summoning                    1
   Call Canine Familiar               Summoning                    3
   Summon Ice Beast                   Ice/Summoning                4
   Summon Mana Viper                  Hexes/Summoning              5
   Monstrous Menagerie                Summoning                    6
   Summon Hydra                       Summoning                    7


   Skills:
 * Level 3.7 Fighting
 + Level 2.5 Long Blades
 + Level 3.3 Armour
 * Level 3.0 Dodging
 + Level 4.0 Shields


You had 5 spell levels left.
You didn't know any spells.

Dungeon Overview and Level Annotations

Branches:
Dungeon (3/15)

Altars:
Fedhas


Innate Abilities, Weirdness & Mutations

You have extremely sharp teeth.
You heal very quickly.
When hurt, damage is shared between your health and your magic reserves.
Your bite disrupts and absorbs the magic of your enemies.
Potions and wands cannot restore your HP.


Message History

You kill the orc!
The orc priest calls down the wrath of Beogh upon you.
Pain shoots through your body!
You hit the orc priest. Your bite misses the orc priest.
The orc priest is lightly wounded.
The orc priest mumbles some strange prayers to Beogh against you.
Pain shoots through your body!
You barely miss the orc priest. Your bite misses the orc priest.
The orc priest is lightly wounded.
The orc priest hits you with a flail.
You are feeling very hungry.
You hit the orc priest but do no damage.
The orc priest is lightly wounded.
The orc priest hits you with a flail!
* * * LOW HITPOINT WARNING * * *
You hit the orc priest.
The orc priest is moderately wounded.
The orc priest mumbles some strange prayers to Beogh against you.
Something smites you!
You die...

#≈..###≈≈.#.#.##.#
≈≈..≈##.≈≈#.#.##.#
≈≈#≈≈≈#≈.#....##.#
≈≈#≈.≈#≈.#.......#
.≈#≈.≈#≈%#######.#
≈≈#≈%≈#≈≈# #.#
.≈#≈≈≈#≈≈# #.#
≈≈#≈%≈#≈.# #.#
≈.##...≈.# #@#
≈.###..≈## #o# ≈##
##### #.# ##
..........#
......(..#
..........
..........#
.....?...#
........#


You could see an orc priest.

Vanquished Creatures
  The ghost of schwarznadel the Shield-Bearer, an average FoFi (D:3)
  A big kobold (Sewer)
  A big fish (Sewer)
  Terence (D:3)
  4 gnolls (D:3)
  5 adders
  An orc zombie (D:3)
  A green rat (Sewer)
  3 giant mites (D:3)
  2 worms
  2 giant geckos (D:3)
  2 oozes
  An orc (D:3)
  A ball python (D:3)
  9 giant cockroaches
  7 hobgoblins
  5 jackals
  11 kobolds
  A quokka (D:3)
  9 bats
  7 giant newts
  6 goblins
  10 rats
91 creatures vanquished.

Notes
Turn   | Place    | Note
--------------------------------------------------------------
     0 | D:1      | Herrn, the Vine Stalker Fighter, began the quest for the Orb.
     0 | D:1      | Reached XP level 1. HP: 11/11 MP: 1/1
   128 | D:1      | Reached XP level 2. HP: 16/16 MP: 3/3
   187 | D:1      | Reached skill level 3 in Fighting
   431 | D:1      | Reached XP level 3. HP: 20/20 MP: 4/4
  1121 | D:2      | Reached skill level 1 in Dodging
  1179 | D:2      | Reached XP level 4. HP: 24/24 MP: 5/5
  1218 | D:2      | Found a blossoming altar of Fedhas.
  1541 | D:3      | Found a glowing drain.
  1562 | Sewer    | Entered a sewer
  1634 | Sewer    | Reached XP level 5. HP: 16/28 MP: 7/7
  1682 | Sewer    | Noticed a big kobold
  1694 | Sewer    | Killed a big kobold
  1724 | Sewer    | Found a white marble altar of Elyvilon.
  1810 | D:3      | Gained mutation: You heal very quickly. [vine stalker growth]
  1810 | D:3      | Reached XP level 6. HP: 24/32 MP: 8/8
  1974 | D:3      | Noticed schwarznadel's ghost (average FoFi)
  1978 | D:3      | Killed schwarznadel's ghost
  2079 | D:3      | Noticed Terence
  2094 | D:3      | Killed Terence
  2094 | D:3      | Reached skill level 4 in Shields
  2332 | D:3      | Killed from afar by an orc priest

Action                   |  1- 3 |  4- 6 || total
-------------------------+-------+-------++-------
Melee: Long sword        |   127 |   145 ||   272
       Falchion          |       |    10 ||    10
  Use: Scroll            |       |    11 ||    11
       Potion            |       |     1 ||     1
